 Dungeon Crawl Stone Soup version 0.25.1-2-g60ff931df9 (webtiles) character file.

Game seed: 1960248888313989316

2388 Erymatos the Cleaver (level 9, -4/121 HPs)
             Began as a Minotaur Berserker on Nov 16, 2020.
             Was a Priest of Trog.
             Slain by a +0 trident of chaos (17 damage)
             ... on level 8 of the Dungeon.
             The game lasted 00:08:19 (7361 turns).

Erymatos the Cleaver (Minotaur Berserker)           Turns: 7361, Time: 00:08:19

Health: -4/121     AC:  7    Str: 25    XL:     9   Next: 22%
Magic:  8/8        EV: 14    Int:  4    God:    Trog [***...]
Gold:   407        SH:  5    Dex: 10    Spells: 8/8 levels left

rFire    . . .     SeeInvis .   l - +1 hand axe (vamp)
rCold    . . .     Gourm    .   (no shield)
rNeg     . . .     Faith    .   w - +0 steam dragon scales
rPois    .         Spirit   .   (helmet restricted)
rElec    .         Reflect  +   x - +0 cloak
rCorr    .         Harm     .   (no gloves)
MR       .....                  (no boots)
Stlth    ..........             i - amulet of reflection
HPRegen  0.30/turn              (no ring)
MPRegen  0.11/turn              (no ring)

@: berserking, lethally poisoned (-4 -> -11), slowed
A: retaliatory headbutt, horns 2
a: Berserk, Trog's Hand, Renounce Religion


You were on level 8 of the Dungeon.
You worshipped Trog.
Trog was most pleased with you.
You were very hungry.

You visited 1 branch of the dungeon, and saw 8 of its levels.

You collected 407 gold pieces.

Inventory:

Hand Weapons
 l - a +1 vampiric hand axe (weapon)
Armour
 w - +0 steam dragon scales (worn)
 x - a +0 cloak (worn)
Jewellery
 d - an uncursed amulet of magic regeneration {unknown}
 i - an amulet of reflection (around neck)
Wands
 t - a wand of iceblast (10)
 u - a wand of acid (11)
Scrolls
 e - 5 scrolls of remove curse {unknown}
 f - 4 scrolls of fear {unknown}
 g - 6 scrolls of identify {unknown}
 h - a scroll of blinking {unknown}
 j - 3 scrolls of teleportation {unknown}
 o - a scroll of random uselessness {unknown}
 y - a scroll of enchant weapon {unknown}
 z - 2 scrolls of noise {unknown}
 C - a scroll of magic mapping {unknown}
 E - a scroll of amnesia {unknown}
Potions
 k - a potion of mutation {unknown}
 m - a potion of resistance {unknown}
 n - a potion of brilliance {unknown}
 q - a potion of stabbing {unknown}
 r - 2 potions of haste {unknown}
 s - a potion of heal wounds {unknown}
 v - 3 potions of curing {unknown}
 A - a potion of degeneration {unknown}
 D - a potion of flight {unknown}
Comestibles
 c - 11 rations


   Skills:
 + Level 8.3 Fighting
 + Level 10.2 Axes
 + Level 6.3 Armour
 + Level 6.0 Dodging


You had 8 spell levels left.
You didn't know any spells.
Your spell library was empty.

Dungeon Overview and Level Annotations

Branches:
Dungeon (8/15)             Temple (0/1) D:5
   Lair: D:8-11

Altars:
Ashenzari
Elyvilon
Fedhas
Gozag
Hepliaklqana
Kikubaaqudgha
Makhleb
Nemelex Xobeh
Okawaru
Qazlal
Ru
Sif Muna
Uskayaw
Xom
The Shining One

Annotations:
D:6 exclusion: oklob plant
D:8 execc's ghost, novice OpBe


Innate Abilities, Weirdness & Mutations

You reflexively headbutt those who attack you in melee.
You have a pair of horns on your head.


Message History

You closely miss execc's ghost. Your headbutt misses execc's ghost.
Execc's ghost is lightly damaged.
The +0 trident of chaos hits you from afar!
The +0 trident of chaos burns you.
Unknown command.
You closely miss execc's ghost. Your headbutt misses execc's ghost.
Execc's ghost is lightly damaged.
The +0 trident of chaos completely misses you.
Execc's ghost closely misses you.
The +0 trident of chaos hits you from afar!
* * * LOW HITPOINT WARNING * * *
You are poisoned.
You closely miss execc's ghost.
Execc's ghost is lightly damaged.
You feel sick. Execc's ghost hits you!
* * * LOW HITPOINT WARNING * * *
Execc's ghost freezes you.
* * * LOW HITPOINT WARNING * * *
The +0 trident of chaos hits you from afar!
You die...

### #<# #.# #.#
####.# ###.##.#
##.#.##.#
#.(W@.#.#
##.#....#
####.##.#########
#. #............
..####.#####.##
...#........#
###.#######..# .##
#.......# #..#
>...#.#.###.###..#


You could see a +0 trident of chaos and execc's ghost.

Vanquished Creatures
  Grinder (D:5)
  A hippogriff (D:7)
  2 steam dragons (D:5)
  A water moccasin (D:5)
  A sky beast (D:5)
  A necrophage (D:7)
  An ogre (D:7)
  A black bear (D:2)
  A centaur (D:5)
  A bullfrog (D:7)
  A scorpion (D:4)
  3 wights (D:7)
  A howler monkey (D:5)
  A crimson imp (D:5)
  3 quasits
  A bullfrog zombie (D:7)
  3 hounds
  3 jellies
  2 orc priests
  Crazy Yiuf (D:6)
  2 orc wizards
  A bullfrog skeleton (D:7)
  2 iguanas
  Natasha (thrice) (D:2)
  6 worker ants
  A hound zombie (D:4)
  2 hound skeletons
  A mummy (D:7)
  7 adders
  An adder zombie (D:6)
  2 worms
  4 leopard geckos
  13 orcs
  3 giant cockroaches
  6 hobgoblins
  2 jackals (D:5)
  6 kobolds
  5 quokkas
  2 ball pythons
  6 bats
  3 frilled lizards
  8 goblins
  A leopard gecko zombie (D:7)
  A quokka skeleton (D:7)
  5 rats
  A fungus (D:5)
124 creatures vanquished.

Notes
Turn   | Place    | Note
-------+----------+-------------------------------------------
     0 | D:1      | Erymatos the Minotaur Berserker began the quest for the
                  | Orb.
     0 | D:1      | Reached XP level 1. HP: 19/19 MP: 0/0
     3 | D:1      | Noticed an electric eel
     3 | D:1      | Noticed an electric eel
   359 | D:1      | Reached XP level 2. HP: 27/27 MP: 1/1
   586 | D:1      | Reached skill level 4 in Axes
   792 | D:2      | Reached XP level 3. HP: 29/33 MP: 2/2
   856 | D:2      | Noticed Natasha
   859 | D:2      | Killed Natasha
   926 | D:2      | Reached XP level 4. HP: 41/41 MP: 3/3
   950 | D:2      | Noticed a black bear
   957 | D:2      | Killed a black bear
   957 | D:2      | Reached skill level 5 in Fighting
   957 | D:2      | Reached skill level 5 in Axes
   957 | D:2      | Reached XP level 5. HP: 44/48 MP: 4/4
   994 | D:2      | Noticed Natasha
  1000 | D:2      | Killed Natasha
  1299 | D:2      | Reached ** piety under Trog
  1491 | D:2      | Noticed Natasha
  1495 | D:2      | Killed Natasha
  2181 | D:3      | Found a hazy altar of Hepliaklqana.
  2244 | D:3      | Found a glowing golden altar of the Shining One.
  2301 | D:3      | Found a blossoming altar of Fedhas.
  2311 | D:3      | Found a sacrificial altar of Ru.
  2372 | D:3      | Found an iron altar of Okawaru.
  2383 | D:3      | Reached XP level 6. HP: 40/57 MP: 5/5
  2562 | D:3      | Found a hide-covered altar of Uskayaw.
  2627 | D:3      | Reached skill level 6 in Axes
  3180 | D:4      | Found a white marble altar of Elyvilon.
  3382 | D:4      | Found a shattered altar of Ashenzari.
  3650 | D:5      | Entered Level 5 of the Dungeon
  3650 | D:5      | Found an opulent altar of Gozag.
  3655 | D:5      | Reached *** piety under Trog
  3655 | D:5      | Reached XP level 7. HP: 64/64 MP: 6/6
  3702 | D:5      | Reached skill level 7 in Axes
  3786 | D:5      | Found a staircase to the Ecumenical Temple.
  3920 | D:5      | Noticed Grinder
  3928 | D:5      | Killed Grinder
  3928 | D:5      | Reached skill level 8 in Axes
  4276 | D:5      | Reached XP level 8. HP: 48/73 MP: 7/7
  4387 | D:5      | Found a sparkling altar of Nemelex Xobeh.
  4482 | D:5      | Reached skill level 5 in Armour
  4488 | D:5      | Reached skill level 9 in Axes
  4488 | D:5      | Reached skill level 5 in Dodging
  4915 | D:5      | Found an ancient bone altar of Kikubaaqudgha.
  5135 | D:6      | Found a shimmering blue altar of Sif Muna.
  5135 | D:6      | Noticed an oklob plant
  5168 | D:6      | Found a stormy altar of Qazlal.
  5501 | D:6      | Found a shimmering altar of Xom.
  5595 | D:6      | Found a shimmering blue altar of Sif Muna.
  5743 | D:6      | Found a burning altar of Makhleb.
  5851 | D:6      | Found a runed translucent door.
  5852 | D:6      | Noticed Crazy Yiuf
  5917 | D:6      | Killed Crazy Yiuf
  6563 | D:7      | Noticed a hippogriff
  6575 | D:7      | Killed a hippogriff
  6575 | D:7      | Reached XP level 9. HP: 57/81 MP: 8/8
  6811 | D:7      | Reached skill level 10 in Axes
  7300 | D:8      | Found a runed translucent door.
  7300 | D:8      | Found a shimmering altar of Xom.
  7300 | D:8      | Noticed a +0 trident of chaos
  7300 | D:8      | Noticed execc's ghost (novice OpBe)
  7361 | D:8      | Slain by a +0 trident of chaos

Illustrated notes

Levels and vault maps discovered:
D:1:      arrival_aquarium_b, layout_loops_cross, minmay_distorted
D:2:      layout_basic, uniq_natasha
D:3:      layout_rooms, lemuel_round_altar, nicolae_overflow_quartered_altars,
          okawaru_trees_1
D:4:      layout_loops_cross, elyvilon_altar_1, evilmike_ruin_ashenzari
D:5:      kennysheep_steamy, layout_rooms, marbit_many_paths,
          nicolae_gozag_cash_rules_everything_around_me,
          minmay_temple_entry_sparse_star, first_ration, lemuel_tele_altar,
          uniq_grinder
D:6:      layout_loops_ring, xom_teletrap_fun, nicolae_qazlal_eye_of_the_storm,
          lemuel_crystal_altar, kennysheep_little_box, hangedman_glass_teeth,
          lemuel_oklob_altar, uniq_crazy_yiuf_cottage
D:7:      layout_rooms, serial_undead, serial_undead_d, serial_undead_e,
          serial_undead_d, serial_undead_f
D:8:      minmay_chambers_of_sevens, layout_basic, nemelex_altar_shiori,
          lightli_ossuary_entry_decrepit_ruins, ebering_ghost_xom, uniq_grum

Skill      XL: |  1  2  3  4  5  6  7  8  9 |
---------------+----------------------------+-----
Axes           | 4 5 6 8 9 10 | 10.2
Fighting       | 4 5 6 7 8 |  8.3
Armour         | 3 4 6 |  6.3
Dodging        | 3 4 5 6 |  6.0

Action                   |  1- 3 |  4- 6 |  7- 9 || total
-------------------------+-------+-------+-------++-------
Melee: Hand axe          |    30 |   131 |   211 ||   372
       Headbutt          |     7 |    20 |    44 ||    71
Invok: Berserk           |       |     2 |     6 ||     8
  Eat: Chunk             |       |    10 |     9 ||    19
       Ration            |       |       |     2 ||     2
Armor: Animal skin       |     5 |     9 |    12 ||    26
       Ring mail         |       |     5 |    45 ||    50
       Steam dragon scal |       |       |     8 ||     8
Dodge: Dodged            |    22 |    72 |   120 ||   214
Block: Other             |       |    17 |    50 ||    67
